 Dungeon Crawl Stone Soup version 0.30.1-11-g7821555f0a (webtiles) character file.

Game seed: 6924494637299835496

2213 Wiggles the Cleaver (level 9, 0/78 HPs)
             Began as a Minotaur Berserker on Nov 30, 2023.
             Was an Elder of Trog.
             Slain by an orc warrior
             ... wielding a +0 trident
              (2 damage)
             ... in a bailey.
             The game lasted 00:08:36 (5293 turns).

Wiggles the Cleaver (Minotaur Berserker)            Turns: 5293, Time: 00:08:37

Health: 0/78       AC: 20    Str: 25    XL:     9   Next: 13%
Magic:  8/8        EV:  8    Int:  4    God:    Trog [****..]
Gold:   525        SH:  4    Dex: 11    Spells: 8/8 levels left

rFire   . . .        v - +0 war axe
rCold   . . .        A - +0 buckler
rNeg    + . .        x - +1 plate armour
rPois   .            (helmet restricted)
rElec   +            (no cloak)
rCorr   .            h - +2 pair of gloves
SInv    .            c - +1 pair of boots "Uniuqy" {rElec}
Will    .....        n - amulet of the acrobat Stlth
                     D - ring of positive energy
HPRegen 0.33/turn    i - ring of flight
MPRegen 0.11/turn

%: acrobat
@: on berserk cooldown, flying, slowed, very slow
A: horns 2, retaliatory headbutt
a: Renounce Religion, Berserk, Trog's Hand, Brothers in Arms


You were in a bailey.
You worshipped Trog.
Trog was greatly pleased with you.
You visited 1 branch of the dungeon, and saw 7 of its levels.
You also visited: Bailey.

You collected 525 gold pieces.

Inventory:

Hand Weapons
 v - a +0 war axe (weapon)
Missiles
 k - 2 throwing nets (quivered)
Armour
 c - the +1 pair of boots "Uniuqy" (worn) {rElec}
   (You acquired it on level 5 of the Dungeon)

   rElec:     It insulates you from electricity.
 h - a +2 pair of gloves (worn)
 x - a +1 plate armour (worn)
 A - a +0 buckler (worn)
Jewellery
 i - a ring of flight (right hand)
 l - an amulet of faith
 n - an amulet of the acrobat (around neck)
 D - a ring of positive energy (left hand)
Wands
 m - a wand of iceblast (7)
 u - a wand of mindburst (14)
 y - a wand of flame (31)
Scrolls
 f - a scroll of magic mapping
 g - a scroll of immolation
 q - a scroll of torment
 r - a scroll of identify
 t - 2 scrolls of teleportation
 B - a scroll of vulnerability
Potions
 a - 9 potions of curing
 b - 2 potions of lignification
 d - a potion of cancellation
 e - 2 potions of mutation
 j - a potion of resistance
 o - 4 potions of might
 p - a potion of attraction {unknown}
 s - 4 potions of brilliance {unknown}
 w - a potion of ambrosia {unknown}
 z - a potion of flight {unknown}
 C - a potion of magic {unknown}
 E - 2 potions of experience
 F - 3 potions of heal wounds {unknown}


   Skills:
 + Level 6.9 Fighting
 + Level 10.8 Axes
 + Level 7.6 Armour
 + Level 3.6 Dodging
 + Level 0.7 Stealth
 + Level 2.5 Shields


You had 8 spell levels left.
You didn't know any spells.
Your spell library was empty.

Dungeon Overview and Level Annotations

Branches:
Dungeon (7/15)             Temple (0/1) D:7          Bailey (1/1)

Altars:


Innate Abilities, Weirdness & Mutations

You have a pair of horns on your head.
You reflexively headbutt those who attack you in melee.


Message History

You barely miss the orc warrior. Your headbutt misses the orc warrior.
You barely miss the orc knight. You hit the orc warrior. You slash the orc!
You kill the orc!
Trog accepts your kill.
You closely miss the orc warrior. Your headbutt misses the orc warrior.
You hit the orc knight. You slash the orc warrior!
The orc knight hits you with a +0 glaive!
The orc warrior hits you with a +0 trident.
The orc closely misses you.
The orc warrior hits you with a +0 halberd!
You barely miss the orc warrior. You headbutt the orc warrior!
The orc warrior is heavily wounded.
You hit the orc knight. You hit the orc warrior.
The orc knight hits you with a +0 glaive!
The orc warrior hits you with a +0 trident.
The orc barely misses you. The orc warrior barely misses you.
The orc knight hits you with a +0 glaive.
The orc warrior completely misses you.
The orc warrior hits you from afar with a +0 halberd!
* * * LOW HITPOINT WARNING * * *
You slash the orc knight!
The orc knight is severely wounded.
The orc no longer looks unusually strong.
You hit the orc knight but do no damage.
Your headbutt misses the orc knight.
The orc knight is severely wounded.
You are no longer berserk.
You are exhausted.
You feel yourself slow down.
The orc warrior no longer looks unusually strong.
The orc knight hits you but does no damage.
The orc warrior hits you but does no damage.
You block the orc's attack.
The orc warrior hits you from afar with a +0 halberd!
* * * LOW HITPOINT WARNING * * *
You barely miss the orc knight.
The orc knight is heavily wounded.
The orc knight hits you but does no damage.
The orc warrior hits you from afar with a +0 trident.
You die...

##.....##
#.......#
#.......#
#..#.#..#
#..#8#).#
#..)....#
##.ooo.##
###'###
#)@o#
#...#
#...#
#)))#
###)###
##.....##
#.......#
#.......#
#....)))#


You could see an orc knight, 2 orc warriors and an orc.

Vanquished Creatures
  Pikel (D:6)
  The ghost of andronian the Carver, a novice MfMo of the Shining One (D:5)
  Menkaure (D:4)
  An orc warrior (Bailey)
  3 ogres
  2 phantoms (D:5)
  A kobold brigand (D:7)
  2 scorpions
  3 hounds
  3 jellies
  An orc priest (D:6)
  An iguana (D:3)
  3 orc wizards
  7 adders
  A shadow imp (D:6)
  3 white imps
  2 ufetubi
  A worm (D:3)
  3 dart slugs
  31 orcs
  5 bats
  8 endoplasms
  5 giant cockroaches
  3 goblins
  5 hobgoblins
  8 jackals
  7 quokkas
  8 ball pythons
  4 frilled lizards
  16 kobolds
  2 rats
142 creatures vanquished.

Notes
Turn   | Place    | Note
-------+----------+-------------------------------------------
     0 | D:1      | Wiggles the Minotaur Berserker began the quest for the Orb.
     0 | D:1      | Reached XP level 1. HP: 19/19 MP: 0/0
    82 | D:1      | Reached skill level 4 in Axes
   129 | D:1      | Reached XP level 2. HP: 27/27 MP: 1/1
   267 | D:1      | Reached ** piety under Trog
   270 | D:1      | Reached XP level 3. HP: 16/33 MP: 2/2
   822 | D:2      | Reached XP level 4. HP: 41/41 MP: 3/3
  1322 | D:3      | Reached skill level 5 in Axes
  1425 | D:3      | Reached *** piety under Trog
  1977 | D:4      | Reached XP level 5. HP: 43/47 MP: 4/4
  2298 | D:4      | Noticed Menkaure
  2304 | D:4      | Killed Menkaure
  2305 | D:4      | Reached skill level 5 in Fighting
  2305 | D:4      | Reached XP level 6. HP: 56/56 MP: 5/5
  2587 | D:4      | Reached skill level 6 in Axes
  2805 | D:5      | Entered Level 5 of the Dungeon
  2843 | D:5      | Reached skill level 5 in Armour
  2871 | D:5      | Reached XP level 7. HP: 60/61 MP: 6/6
  2962 | D:5      | Reached skill level 7 in Axes
  3388 | D:5      | Noticed andronian's ghost (novice MfMo)
  3389 | D:5      | Found a runed translucent door.
  3445 | D:5      | Reached skill level 8 in Axes
  3860 | D:5      | Killed andronian's ghost
  3861 | D:5      | Reached skill level 9 in Axes
  3861 | D:5      | Reached XP level 8. HP: 70/70 MP: 7/7
  3938 | D:6      | Noticed Pikel
  4074 | D:5      | Identified a scroll of acquirement
  4074 | D:5      | Acquired the +1 pair of boots "Uniuqy" {rElec}
  4107 | D:6      | Killed Pikel
  4108 | D:6      | Reached skill level 10 in Axes
  4108 | D:6      | Reached skill level 1 in Shields
  4709 | D:6      | Reached XP level 9. HP: 78/78 MP: 8/8
  4981 | D:7      | Found a staircase to the Ecumenical Temple.
  5015 | D:7      | Found a flagged portal.
  5030 | Bailey   | Entered a bailey
  5047 | Bailey   | Reached **** piety under Trog
  5251 | Bailey   | Noticed an orc knight
  5292 | Bailey   | HP: 2/78 [orc warrior/+0 halberd (17)]
  5293 | Bailey   | Slain by an orc warrior

Illustrated notes

Levels and vault maps discovered:
D:1:      matt_arrival_spirals, layout_basic, minmay_pentomino_v2
D:2:      layout_basic
D:3:      layout_rooms
D:4:      kennysheep_six_static_rooms, layout_basic, uniq_menkaure
D:5:      cheibrodos_quashed, layout_loops_ring, hellmonk_ghost_happy_afterlife,
          hangedman_abyss_or_decor_stabs
D:6:      layout_basic, uniq_pikel
D:7:      layout_loops_ring, minmay_temple_entry_stoned_glass, enter_bailey_1
Bailey:   bailey_polearm_5, bailey

Skill      XL: |  1  2  3  4  5  6  7  8  9 |
---------------+----------------------------+-----
Axes           | 4 5 6 9 10 | 10.8
Fighting       | 4 5 6 |  6.9
Armour         | 3 4 5 6 7 |  7.6
Dodging        | 3 |  3.6
Shields        | 1 2 |  2.5
Stealth        | |  0.7

Action                     |  1- 3 |  4- 6 |  7- 9 || total
---------------------------+-------+-------+-------++-------
  Melee: Hand axe          |    71 |    30 |       ||   101
         Headbutt          |    11 |    16 |    24 ||    51
         War axe           |       |    73 |   133 ||   206
         Punch             |       |     1 |       ||     1
 Invoke: Berserk           |       |     1 |     3 ||     4
    Use: Scroll            |       |       |    17 ||    17
 Armour: Animal skin       |     1 |       |       ||     1
         Chain mail        |    38 |    23 |       ||    61
         Plate armour      |       |    41 |    84 ||   125
  Dodge: Dodged            |    49 |    49 |   110 ||   208
  Block: Buckler           |       |     1 |    37 ||    38
